 Dungeon Sprint DCSS version 0.21.1-1-g345015f (webtiles) character file.

10563 Fang the Warrior (level 11, -7/178 HPs)
             Began as a Minotaur Berserker on May 3, 2018.
             Was the Champion of Trog.
             Mangled by a vault guard
             ... wielding a +3 long sword
              (9 damage)
             ... in the Dungeon (Sprint V: "Ziggurat Sprint").
             The game lasted 00:05:56 (966 turns).

Fang the Warrior (Minotaur Berserker)                Turns: 966, Time: 00:05:57

Health: -7/178     AC: 21    Str: 35    XL:     11   Next: 37%
Magic:  7/10       EV: 13    Int:  8    God:    Trog [******]
Gold:   0          SH:  0    Dex: 11    Spells: 10/10 levels left

rFire    . . .     SeeInvis .   D - +11 war axe of Gallantry {chop, Int+4}
rCold    . . .     Gourm    .   (no shield)
rNeg     . . .     Faith    .   j - +5 shadow dragon scales
rPois    .         Spirit   .   (helmet restricted)
rElec    .         Reflect  .   (no cloak)
rCorr    .         Harm     .   (no gloves)
MR       .....     NoTele   +   (no boots)
Stlth    ..........             (no amulet)
HPRegen  0.39/turn              F - +6 ring of strength
MPRegen  0.12/turn              G - ring of flight

@: berserking (expiring), very quick
A: retaliatory headbutt, horns 2
a: Berserk, Trog's Hand, Brothers in Arms, Burn Spellbooks, Renounce Religion,
Evoke Flight


You were in the Dungeon.
You worshipped Trog.
Trog was exalted by your worship.
You were hungry.

You visited 1 branch

Inventory:

Hand Weapons
 k - the +5 trident "Toza" {drain, +Rage rElec MR+ Dex-3}
   (You found it in the Dungeon)

   A truly terrible weapon, it drains the life of those it strikes.
   It affects your dexterity (-3).
   It insulates you from electricity.
   It affects your resistance to hostile enchantments.
   It lets you go berserk.
 D - the +11 war axe of Gallantry (weapon) {chop, Int+4}
   (You found it in the Dungeon)

   It inflicts extra damage upon your enemies.
   It affects your intelligence (+4).
Armour
 j - +5 shadow dragon scales (worn)
Jewellery
 F - a +6 ring of strength (left hand)
 G - a ring of flight (right hand)
Wands
 x - a wand of disintegration (7)
 y - a wand of iceblast (7)
 z - a wand of acid (7)
Scrolls
 i - 4 scrolls of blinking
 l - a scroll of brand weapon
 m - 7 scrolls of fog
 n - a scroll of holy word
 o - 5 scrolls of identify
 p - 5 scrolls of remove curse
 q - 2 scrolls of fear
Potions
 d - 10 potions of curing
 e - 10 potions of heal wounds
 f - 10 potions of haste
 g - 7 potions of magic
 h - 3 potions of berserk rage
 r - 2 potions of brilliance
 s - 2 potions of invisibility
 t - 4 potions of resistance
 u - a potion of experience
 v - 5 potions of agility
 w - 5 potions of might
Comestibles
 a - 8 chunks of flesh
 c - 7 rations


   Skills:
 + Level 18.1 Fighting
 + Level 17.4(18.9) Axes
 + Level 13.4(17.0) Polearms
 + Level 13.8 Armour
 + Level 8.0 Dodging
 + Level 2.5 Stealth


You had 10 spell levels left.
You didn't know any spells.

Dungeon Overview and Level Annotations

Branches:
Dungeon (1/1)

Altars:
Ashenzari
Cheibriados
Dithmenos
Elyvilon
Fedhas
Gozag
Hepliaklqana
Kikubaaqudgha
Makhleb
Nemelex Xobeh
Okawaru
Qazlal
Ru
Sif Muna
Trog
Uskayaw
Vehumet
Wu Jian
Xom
Yredelemnul
Zin
The Shining One
Beogh
Jiyva
Lugonu

Annotations:
D 1 transporter


Innate Abilities, Weirdness & Mutations

You reflexively headbutt those who attack you in melee.
You have a pair of horns on your head.


Message History

You kill the ironbrand convoker!
Trog accepts your kill.
Trog appreciates your killing of a magic user.
Your base Axes skill increases to level 17!
You slash the vault guard! You closely miss the vault guard.
The vault guard hits you with an enchanted long sword!
* * * LOW HITPOINT WARNING * * *
You slice the great orb of eyes!! You headbutt the great orb of eyes!
The great orb of eyes is almost dead.
You slash the vault guard! x2
Unknown command.
You slice the great orb of eyes!!
You kill the great orb of eyes!
Trog accepts your kill.
Your Fighting skill increases to level 18!
Your Dodging skill increases to level 8!
The vault guard blocks your attack.
You barely miss the vault guard.
The vault guard hits you but does no damage.
The vault guard hits you with an enchanted long sword!
You die...

▓▓▓▓▓▓▓▓▓▓▓▓▓▓▓▓▓▓▓
▓...8©8...▓..8©8..▓
▓..}[%}[..▓..}....▓
▓...|}[...▓...=...▓
▓.........▓.......▓
▓.........▓.......▓
▓.........▓.......▓
▓...)pp...▓...))..▓
▓....)@...▓.▓.).▓.▓
▓....©....▓...©...▓
▓▓▓▓▓▓▓▓▓▓▓▓▓▓▓▓▓▓▓


You could see 2 vault guards.

Vanquished Creatures
  A vault guard (D)
  A great orb of eyes (D)
  2 dancing weapons (D)
  A death scarab (D)
  A deep elf knight (D)
  A spriggan druid (D)
  An ironbrand convoker (D)
  A wizard (D)
  A wolf spider (D)
  3 deep elf magi (D)
  A rust devil (D)
  A freezing wraith (D)
  A guardian mummy (D)
  A red devil (D)
  2 hornets (D)
  2 merfolk (D)
  4 spriggans (D)
  A neqoxec (D)
  A black bear (D)
  A wolf (D)
  4 crimson imps (D)
  2 orc priests (D)
  A quasit (D)
  An iron imp (D)
  An orc wizard (D)
  A mummy (D)
  2 adders (D)
  A bat skeleton (D)
  2 ball pythons (D)
  A leopard gecko zombie (D)
  A quokka skeleton (D)
45 creatures vanquished.

Notes
Turn   | Place    | Note
-------+----------+-------------------------------------------
     0 | D        | Found the +6 Majin-Bo {vamp, Archmagi MP+6 Int+6}
     0 | D        | Found the +7 great mace "Firestarter" {inner flame, rF++}
     0 | D        | Fang the Minotaur Berserker began the quest for the Orb.
     0 | D        | Reached XP level 1. HP: 19/19 MP: 0/0
     5 | D        | Found a blossoming altar of Fedhas.
     6 | D        | Found a viscous altar of Jiyva.
     6 | D        | Found a hazy altar of Hepliaklqana.
     6 | D        | Found a transporter.
     6 | D        | Found an opulent altar of Gozag.
     6 | D        | Found an ancient bone altar of Kikubaaqudgha.
     6 | D        | Found a corrupted altar of Lugonu.
    12 | D        | Found a burning altar of Makhleb.
    13 | D        | Found a stormy altar of Qazlal.
    13 | D        | Found a sacrificial altar of Ru.
    13 | D        | Found an iron altar of Okawaru.
    13 | D        | Found a deep blue altar of Sif Muna.
    13 | D        | Found a sparkling altar of Nemelex Xobeh.
    13 | D        | Found a bloodstained altar of Trog.
    77 | D        | Entered arena 2.
    77 | D        | Noticed a merfolk
    77 | D        | Noticed a merfolk
    77 | D        | Found a transporter.
    84 | D        | Killed a merfolk
    84 | D        | Reached skill level 9 in Fighting
    84 | D        | Reached skill level 5 in Armour
    84 | D        | Reached XP level 2. HP: 23/37 MP: 1/1
    84 | D        | Reached XP level 3. HP: 26/42 MP: 2/2
    84 | D        | Reached XP level 4. HP: 32/50 MP: 3/3
    84 | D        | Reached XP level 5. HP: 36/57 MP: 4/4
    89 | D        | Killed a merfolk
    89 | D        | Reached skill level 11 in Fighting
    89 | D        | Reached skill level 10 in Axes
    89 | D        | Reached skill level 5 in Dodging
    89 | D        | Reached XP level 6. HP: 40/68 MP: 5/5
   271 | D        | Entered arena 3.
   271 | D        | Found a transporter.
   275 | D        | Reached ** piety under Trog
   300 | D        | Entered arena 4.
   300 | D        | Noticed a guardian mummy
   300 | D        | Noticed a death scarab
   300 | D        | Found a transporter.
   305 | D        | Reached *** piety under Trog
   305 | D        | Reached **** piety under Trog
   307 | D        | Killed a guardian mummy
   307 | D        | Reached skill level 12 in Fighting
   307 | D        | Reached skill level 5 in Polearms
   307 | D        | Reached XP level 7. HP: 24/77 MP: 6/6
   309 | D        | Killed a death scarab
   309 | D        | Reached skill level 13 in Fighting
   309 | D        | Reached XP level 8. HP: 14/86 MP: 7/7
   311 | D        | Reached ***** piety under Trog
   323 | D        | Got the +5 trident "Toza" {drain, +Rage rElec MR+ Dex-3}
   620 | D        | Entered arena 5.
   620 | D        | Found a transporter.
   643 | D        | Identified the Almanac of Icy Transmigration
   648 | D        | Got the +11 war axe of Gallantry {chop, Int+4}
   667 | D        | Entered arena 6.
   667 | D        | Found a transporter.
   672 | D        | Reached ****** piety under Trog
   672 | D        | Received a gift from Trog
   690 | D        | Entered arena 7.
   690 | D        | Noticed a deep elf mage
   690 | D        | Noticed a deep elf mage
   690 | D        | Noticed a deep elf knight
   690 | D        | Noticed a battleaxe of flaming
   690 | D        | Noticed a deep elf mage
   690 | D        | Noticed a mace of holy wrath
   691 | D        | Found a transporter.
   696 | D        | Killed a mace of holy wrath
   696 | D        | Reached skill level 14 in Fighting
   696 | D        | Reached XP level 9. HP: 95/95 MP: 8/8
   698 | D        | Killed a deep elf knight
   698 | D        | Reached skill level 10 in Armour
   699 | D        | Killed a battleaxe of flaming
   699 | D        | Reached skill level 15 in Fighting
   699 | D        | Reached skill level 10 in Polearms
   701 | D        | Killed a deep elf mage
   703 | D        | Killed a deep elf mage
   703 | D        | Received a gift from Trog
   703 | D        | Reached XP level 10. HP: 107/107 MP: 9/9
   705 | D        | Killed a deep elf mage
   705 | D        | Reached skill level 16 in Fighting
   705 | D        | Reached skill level 15 in Axes
   797 | D        | Entered arena 8.
   797 | D        | Noticed a rust devil
   798 | D        | Found a transporter.
   806 | D        | Received a gift from Trog
   808 | D        | Killed a rust devil
   857 | D        | Entered arena 9.
   857 | D        | Noticed a spriggan rider
   857 | D        | Noticed a spriggan rider
   857 | D        | Noticed a spriggan druid
   858 | D        | Found a transporter.
   861 | D        | Received a gift from Trog
   863 | D        | Killed a spriggan druid
   863 | D        | Reached skill level 1 in Stealth
   868 | D        | Received a gift from Trog
   876 | D        | Killed a spriggan rider
   876 | D        | Reached skill level 17 in Fighting
   879 | D        | Got a translucent battleaxe {god gift}
   880 | D        | Identified the +6 battleaxe of Untimely Demise {venom, Int+3} (Trog gifted it to you in the Dungeon)
   943 | D        | Entered arena 10.
   943 | D        | Noticed a vault guard
   943 | D        | Noticed a wolf spider
   943 | D        | Noticed a vault guard
   943 | D        | Noticed a great orb of eyes
   943 | D        | Noticed an ironbrand convoker
   943 | D        | Noticed a vault guard
   943 | D        | Noticed a wizard
   944 | D        | Found the +7 Kryia's mail coat {PotionHeal*2 rC+}
   944 | D        | Found a transporter.
   954 | D        | Killed a wizard
   954 | D        | Reached XP level 11. HP: 49/117 MP: 10/10
   956 | D        | Killed a wolf spider
   957 | D        | Killed a vault guard
   963 | D        | Received a gift from Trog
   963 | D        | Killed an ironbrand convoker
   963 | D        | HP: 2/177 [vault guard/enchanted long sword (7)]
   965 | D        | Killed a great orb of eyes
   965 | D        | Reached skill level 18 in Fighting
   966 | D        | Mangled by a vault guard

Skill      XL: |  1  2  3  4  5  6  7  8  9 10 11 |
---------------+----------------------------------+-----
Fighting       | 9 11 12 13 14 15 17 18 | 18.1
Axes           | 8 10 11 12 13 14 16 17 | 17.4
Polearms       | 2 3 5 7 8 11 13 | 13.4
Armour         | 5 6 7 8 9 11 13 | 13.8
Dodging        | 4 5 6 7 8 |  8.0
Stealth        | 2 |  2.5

Action                   |  1- 3 |  4- 6 |  7- 9 | 10-12 || total
-------------------------+-------+-------+-------+-------++-------
Melee: Demon trident     |     5 |    10 |     3 |       ||    18
       Headbutt          |       |     2 |     1 |    11 ||    14
       War axe           |       |       |    16 |    34 ||    50
       Trident           |       |       |     7 |       ||     7
Invok: Berserk           |     1 |     1 |     1 |     3 ||     6
       Burn Spellbooks   |       |     1 |     1 |     1 ||     3
  Eat: Chunk             |       |       |     1 |     4 ||     5
Armor: Shadow dragon sca |     2 |     9 |    14 |    12 ||    37
Dodge: Dodged            |     1 |    11 |    18 |    21 ||    51
